 Seeded DCSS version 0.30.1-4-g462c640d31 (webtiles) character file.

Game seed: 5250533582392553559 (custom seed)

393 Psyclone the Conjurer (level 6, -13/36 HPs)
             Began as an Octopode Conjurer on Sept 18, 2023.
             Killed from afar by a steam dragon (26 damage)
             ... with a ball of steam
             ... on level 4 of the Dungeon.
             The game lasted 00:07:38 (4871 turns).

Psyclone the Conjurer (Octopode Conjurer)           Turns: 4871, Time: 00:07:38

Health: -13/36     AC:  1    Str:  6    XL:     6   Next: 81%
Magic:  4/9        EV: 13    Int: 22    God:
Gold:   114        SH:  5    Dex: 11    Spells: 2/9 levels left

rFire   . . .        b - +0 dagger
rCold   . . .        (no shield)
rNeg    + . .        (helmet restricted)
rPois   .            r - amulet of reflection
rElec   .            f - ring of positive energy
rCorr   .            x - +4 ring of slaying
SInv    .            (no ring)
Will    .....        (no ring)
Stlth   +++          (no ring)
HPRegen 0.26/turn    (no ring)
MPRegen 0.11/turn    (no ring)
                     (no ring)

%: reflection
@: no status effects
A: almost no armour, amphibious, 8 rings, camouflage 1, gelatinous body 1,
(nimble swimmer 1), tentacles
a: no special abilities


You were on level 4 of the Dungeon.
You visited 1 branch of the dungeon, and saw 4 of its levels.

You collected 114 gold pieces.

Inventory:

Hand Weapons
 b - a +0 dagger (weapon)
Magical Staves
 a - a staff of poison
Jewellery
 f - a ring of positive energy (left tentacle)
 k - a ring of ice
 r - an amulet of reflection (around mantle)
 x - a +4 ring of slaying (right tentacle)
Scrolls
 c - a scroll of fear {unknown}
 d - a scroll of torment {unknown}
 e - a scroll of vulnerability {unknown}
 g - 3 scrolls of enchant armour {unknown}
 h - 2 scrolls of enchant weapon {unknown}
 j - 2 scrolls of magic mapping {unknown}
 q - a scroll of fog {unknown}
 s - a scroll of summoning {unknown}
 t - 2 scrolls of identify {unknown}
 y - a scroll of teleportation {unknown}
 A - a scroll of poison {unknown}
Potions
 i - a potion of invisibility {unknown}
 l - a potion of curing {unknown}
 m - 2 potions of magic
 n - a potion of ambrosia {unknown}
 o - 3 potions of mutation {unknown}
 p - a potion of attraction {unknown}
 u - a potion of brilliance {unknown}
 v - a potion of heal wounds {unknown}
 w - a potion of might {unknown}
 z - a potion of lignification {unknown}


   Skills:
 - Level 2.4 Dodging
 - Level 3.4 Stealth
 - Level 2.3 Spellcasting
 - Level 6.0 Conjurations
 + Level 4.1 Hexes


You had 2 spell levels left.
You knew the following spells:

 Your Spells              Type           Power      Damage    Failure   Level
a - Magic Dart            Conj           100%       1d8       1%          1
b - Searing Ray           Conj           56%        2d6       1%          2
d - Fulminant Prism       Conj/Hex       12%        3d8       16%         4

Your spell library contained the following spells:

 Spells                   Type           Power      Damage    Failure   Level
 Lesser Beckoning         Tloc           4%         N/A       21%         2
 Scorch                   Fire           4%         2d5       21%         2
 Dazzling Flash           Conj/Hex       48%        N/A       4%          3
 Gell's Gravitas          Tloc           2%         N/A       36%         3
 Teleport Other           Tloc           2%         N/A       36%         3
 Flame Wave               Conj/Fire      15%        2d7       36%         4
 Iskenderun's Mystic Bla  Conj/Tloc      15%        2d5       36%         4
 Summon Cactus Giant      Summ           1%         N/A       100%        6


Dungeon Overview and Level Annotations

Branches:
Dungeon (4/15) Zot: 19130
 Temple: D:4-7

Altars:
Fedhas
Kikubaaqudgha
Yredelemnul

Shops:
D:1 :*   D:4 =[([


Innate Abilities, Weirdness & Mutations

You cannot wear most types of armour.
You are amphibious.
You can wear up to eight rings at the same time.
Your skin changes colour to match your surroundings (Stealth+).
Your rubbery body absorbs attacks. (AC +1, EV +1)
((You are camouflaged when in or above water. (Stealth+)))
You have tentacles for arms and can constrict up to eight enemies at once.


Message History

There is a stone staircase leading up here.
A steam dragon is nearby!
Casting: Searing Ray (safe; 1% risk of failure)
Confirm with . or Enter, or press ? or * to list all spells.
Aiming: Searing Ray (safe; 1% risk of failure)
Press: ? - help, Shift-Dir - straight line, f - steam dragon
Aim: a steam dragon (79% to hit)
The searing ray hits the steam dragon!
The steam dragon is moderately wounded. (Press . to maintain the ray.)
You now have 7/9 mp.
The searing ray misses the steam dragon.
The steam dragon bites you but does no damage.
The steam dragon closely misses you.
You now have 6/9 mp.
The searing ray hits the steam dragon.
The steam dragon is moderately wounded.
The steam dragon bites you! The steam dragon misses you.
You take 9 damage, and have 27/36 hp.
MASSIVE DAMAGE!!
You now have 5/9 mp.
The searing ray hits the steam dragon!
The steam dragon is severely wounded.
You finish channelling your searing ray.
The steam dragon bites you. The steam dragon misses you.
You take 2 damage, and have 25/36 hp.
You now have 4/9 mp.
You hit the steam dragon.
The steam dragon is severely wounded.
The steam dragon bites you! The steam dragon barely misses you.
You take 8 damage, and have 17/36 hp.
MASSIVE DAMAGE!!
You hit the steam dragon but do no damage.
You tentacle-slap the steam dragon.
The steam dragon is almost dead.
The steam dragon bites you. The steam dragon closely misses you.
You take 4 damage, and have 13/36 hp.
You hit the steam dragon but do no damage.
Your squeeze misses the steam dragon.
The steam dragon is almost dead.
The steam dragon breathes steam at you. The ball of steam hits you!!
Ouch! That really hurt!
You die...

...##.......##...#....!#.....#...
............#....#.....#.....#...
............#....#.....##...##...
............#....#.....#######...
............#....#......# #...∩
######......##...#......# ##... #
#......##...# .....# #### #
#......##...##.....# #
#.......#..@.#.....# #
#.......#...D#.....# #
#.......#....'.....# #
#....####.############# #
#########'####...###..## #
#................# #
#................# #
#................# #
#................#


You could see a steam dragon (catching breath).

Vanquished Creatures
  Sigmund (D:4)
  A scorpion (D:4)
  Crazy Yiuf (D:2)
  7 adders
  A worm (D:3)
  2 dart slugs
  An orc (D:3)
  5 ball pythons
  10 endoplasms
  3 giant cockroaches (D:1)
  6 hobgoblins
  4 jackals (D:1)
  2 quokkas
  9 bats
  3 frilled lizards
  6 goblins
  2 kobolds
  6 rats
  A spectral orc (D:3)
71 creatures vanquished.

Notes
Turn   | Place    | Note
-------+----------+-------------------------------------------
     0 | D:1      | Psyclone the Octopode Conjurer began the quest for the Orb.
     0 | D:1      | Reached XP level 1. HP: 11/11 MP: 3/3
   262 | D:1      | Found Syurgheu's Book Shoppe.
   364 | D:1      | Reached XP level 2. HP: 17/17 MP: 0/5
   489 | D:1      | Found Sugreud's Assorted Antiques.
  1298 | D:2      | Reached XP level 3. HP: 18/21 MP: 2/6
  1932 | D:2      | Reached XP level 4. HP: 12/27 MP: 0/7
  2153 | D:2      | Reached skill level 5 in Conjurations
  2191 | D:2      | Learned a level 2 spell: Searing Ray
  2196 | D:2      | Learned a level 4 spell: Fulminant Prism
  2531 | D:2      | Found a runed translucent door.
  2532 | D:2      | Noticed Crazy Yiuf
  2537 | D:2      | Killed Crazy Yiuf
  2538 | D:2      | Reached skill level 1 in Hexes
  2863 | D:3      | Reached XP level 5. HP: 31/31 MP: 6/8
  2982 | D:3      | Found a faded altar of an unknown god.
  3373 | D:3      | Found a basalt altar of Yredelemnul.
  3505 | D:3      | Found an ancient bone altar of Kikubaaqudgha.
  3505 | D:3      | Found a blossoming altar of Fedhas.
  3865 | D:4      | Noticed a steam dragon
  3909 | D:4      | Found Muulidac's Antique Armour Shoppe.
  3963 | D:4      | Found Tyr Yca's Jewellery Emporium.
  4151 | D:4      | Found Monit's Weapon Shop.
  4151 | D:4      | Noticed Sigmund
  4162 | D:4      | Killed Sigmund
  4163 | D:4      | Reached skill level 6 in Conjurations
  4163 | D:4      | Reached XP level 6. HP: 15/36 MP: 1/9
  4342 | D:4      | Found Fanofrokh's Armour Shoppe.
  4871 | D:4      | Killed from afar by a steam dragon

Illustrated notes

Levels and vault maps discovered:
D:1:      minmay_arrival_split_and_join, layout_loops_corners, serial_shops,
          nicolae_shop_overgrown_old_shop, shop, roderic_roman_lattice
D:2:      layout_basic, roderic_serpentine_path, kennysheep_generic_room_16,
          uniq_crazy_yiuf_cottage
D:3:      layout_basic, grunt_temple_overflow_growth_and_decay,
          yredelemnul_forgotten_temple_becter,
          ebering_ecumenical_altar_abandoned
D:4:      layout_gridville, serial_shops, nicolae_shop_tiny_statue_garden, shop,
          shop_statue, shop, chequers_serial_rivers_micro_c,
          minmay_misc_feat_secret_circle, uniq_sigmund

Skill      XL: |  1  2  3  4  5  6 |
---------------+-------------------+-----
Stealth        | 3 |  3.4
Conjurations   | 5 6 |  6.0
Hexes          | 1 3 4 |  4.1
Dodging        | |  2.4
Spellcasting   | |  2.3

Action                     |  1- 3 |  4- 6 || total
---------------------------+-------+-------++-------
  Melee: Unarmed           |    14 |       ||    14
         Tentacles         |     4 |       ||     4
         Constrict         |     4 |       ||     4
         Dagger            |       |     4 ||     4
         Punch             |       |     1 ||     1
   Cast: Magic Dart        |    63 |    90 ||   153
         Searing Ray       |       |     7 ||     7
 Armour: Skin              |     2 |     2 ||     4
  Dodge: Dodged            |    29 |     9 ||    38
